 Dungeon Crawl Stone Soup version 0.21.1-1-g345015fe64 (webtiles) character file.

3 Htamos the Sneak (level 1, 0/9 HPs)
             Began as a Vine Stalker Enchanter on June 10, 2018.
             Was an Initiate of Ru.
             Succumbed to an adder's poison
             ... on level 2 of the Dungeon.
             The game lasted 00:02:45 (357 turns).

Htamos the Sneak (Vine Stalker Enchanter)            Turns: 357, Time: 00:02:46

Health: 0/9        AC:  2    Str: 10    XL:     1   Next: 50%
Magic:  4/4        EV: 12    Int: 15    God:    Ru [......]
Gold:   75         SH:  0    Dex: 14    Spells: 3/4 levels left

rFire    . . .     SeeInvis .   a - +1 dagger
rCold    . . .     Gourm    .   (no shield)
rNeg     . . .     Faith    .   b - +0 robe
rPois    .         Spirit   +   (no helmet)
rElec    .         Reflect  .   (no cloak)
rCorr    .         Harm     .   (no gloves)
MR       .....                  (no boots)
Stlth    +++.......             (no amulet)
HPRegen  0.03/turn              (no ring)
MPRegen  0.09/turn              (no ring)

@: lethally poisoned (0 -> -9)
A: fangs 2, magic shield, antimagic bite, no potion heal 3, rot immunity
a: Renounce Religion


You were on level 2 of the Dungeon.
You worshipped Ru.
Ru was noncommittal.
You were not hungry.

You visited 1 branch of the dungeon, and saw 2 of its levels.

You collected 75 gold pieces.

Inventory:

Hand Weapons
 a - a +1 dagger (weapon)
Armour
 b - a +0 robe (worn)
Jewellery
 g - a cursed ring of loudness {unknown}
Scrolls
 f - a scroll of amnesia {unknown}
 h - a scroll of enchant armour {unknown}
Potions
 e - a potion of curing {unknown}
 i - 2 potions of mutation {unknown}
Books
 c - a book of Maledictions

   Spells                             Type                      Level
   a - Corona                         Hexes                        1
   b - Ensorcelled Hibernation        Hexes/Ice                    2
   c - Confuse                        Hexes                        3
   d - Tukima's Dance                 Hexes                        3
   e - Dazzling Spray                 Conjuration/Hexes            3
Comestibles
 d - 2 rations


   Skills:
 + Level 0.8 Short Blades
 - Level 1.5 Dodging
 * Level 4.0 Stealth
 - Level 2.1 Spellcasting
 - Level 3.0 Hexes


You had 3 spell levels left.
You knew the following spells:

 Your Spells              Type           Power        Failure   Level  Hunger
a - Corona                Hex            ##.....      6%          1    #......


Dungeon Overview and Level Annotations

Branches:
Dungeon (1/15)

Altars:
Ru


Innate Abilities, Weirdness & Mutations

You have extremely sharp teeth.
When hurt, damage is shared between your health and your magic reserves.
Your bite disrupts and absorbs the magic of your enemies.
Potions cannot restore your health.
You are immune to rotting.


Message History

You are poisoned.
The adder poisons you!
You barely miss the adder. You bite the adder, but do no damage.
You feel sick. The bat barely misses you. The adder bites you.
You are more poisoned.
The adder poisons you! The adder closely misses you.
You closely miss the adder. The adder barely misses you.
You miss the adder. You bite the adder, but do no damage.
You feel sick. The adder bites you but does no damage.
You closely miss the adder. You bite the adder. You drain its power.
You feel invigorated.
The adder is lightly wounded.
* * * LOW HITPOINT WARNING * * *
You feel sick. The adder bites you but does no damage.
The bat completely misses you. The bat barely misses you.
* * * LOW HITPOINT WARNING * * *
You feel sick. The bat hits you but does no damage. The bat barely misses you.
You die...

#..#### .....###
.......# ##.##.#.####
...........# #.##.#.##.#
#.######.##.#.##.#
.......g!.Sb.....#####
...####.#####@.......#
#.# ###..###.# #.# #..#
#.# #.# #..# #.# #.#
#..# #.#########
#.#######..# #..........
...........#############
#######..[# #...#


You could see an adder, a hobgoblin and a bat.

Vanquished Creatures
  A bat (D:1)
  A giant cockroach (D:2)
  A goblin (D:1)
3 creatures vanquished.

Notes
Turn   | Place    | Note
-------+----------+-------------------------------------------
     0 | D:1      | Htamos the Vine Stalker Enchanter began the quest for the Orb.
     0 | D:1      | Reached XP level 1. HP: 9/9 MP: 4/4
   220 | D:1      | You fall through a shaft!
   227 | D:2      | Found a sacrificial altar of Ru.
   244 | D:2      | Became a worshipper of Ru the Awakened
   278 | D:2      | Reached skill level 4 in Stealth
   357 | D:2      | Succumbed to an adder's poison

Skill      XL: |  1 |
---------------+----+-----
Stealth        | 4 |  4.0
Short Blades   | |  0.8
Dodging        | |  1.5
Spellcasting   | |  2.1
Hexes          | |  3.0

Action                   || total
-------------------------++-------
Melee: Dagger            ||    11
       Bite              ||     4
 Stab: Sleeping          ||     3
Armor: Robe              ||     6
Dodge: Dodged            ||    11
